 Dungeon Crawl Stone Soup version 0.24.1-14-gf8d2b509d9 (webtiles) character file.

Game seed: 12296396288414946003, levelgen mode: deterministic

87 Hugehornet the Sneak (level 4, -1/27 HPs)
             Began as an Octopode Enchanter on May 19, 2020.
             Slain by an orc
             ... wielding a +0 falchion of flaming
              (4 damage)
             ... on level 2 of the Dungeon.
             The game lasted 00:02:57 (1938 turns).

Hugehornet the Sneak (Octopode Enchanter)           Turns: 1938, Time: 00:02:59

Health: -1/27      AC:  1    Str:  7    XL:     4   Next: 51%
Magic:  7/7        EV: 13    Int: 18    God:
Gold:   76         SH:  0    Dex: 12    Spells: 0/7 levels left

rFire    . . .     SeeInvis .   e - -1 short sword (curse)
rCold    . . .     Gourm    .   (no shield)
rNeg     . . .     Faith    .   (helmet restricted)
rPois    .         Spirit   .   f - amulet of the acrobat
rElec    .         Reflect  .   (no ring)
rCorr    .         Harm     .   (no ring)
MR       .....                  (no ring)
Stlth    ++++......             (no ring)
HPRegen  0.09/turn              (no ring)
MPRegen  0.10/turn              (no ring)
                                (no ring)
                                (no ring)

@: no status effects
A: almost no armour, stealthy swim, amphibious, 8 rings, constrict 8, camouflage
1, gelatinous body 1
a: no special abilities


You were on level 2 of the Dungeon.
You were very hungry.

You visited 1 branch of the dungeon, and saw 3 of its levels.

You collected 76 gold pieces.

Inventory:

Hand Weapons
 a - a +1 dagger
 e - a cursed -1 short sword (weapon)
Jewellery
 f - an amulet of the acrobat (around mantle)
Scrolls
 h - a scroll of remove curse {unknown}
 i - a scroll of fog {unknown}
 k - a scroll of immolation {unknown}
 l - a scroll of blinking {unknown}
Potions
 b - 3 potions of lignification {unknown}
 d - a potion of brilliance {unknown}
 g - a potion of ambrosia {unknown}
 j - a potion of degeneration {unknown}
 m - a potion of agility {unknown}
Comestibles
 c - 5 rations


   Skills:
 - Level 1.0 Short Blades
 - Level 2.0 Dodging
 * Level 6.4 Stealth
 - Level 2.0 Spellcasting
 + Level 3.8 Hexes


You couldn't memorise any spells.
You knew the following spells:

 Your Spells              Type           Power        Failure   Level  Hunger
a - Corona                Hex            ###....      3%          1    #......
b - Ensorcelled Hibernat  Hex/Ice        #.....       13%         2    ###....
c - Confusing Touch       Hex            ###...       3%          1    #......
d - Dazzling Spray        Conj/Hex       #.....       26%         3    ###....

Your spell library contained the following spells:

 Spells                   Type           Power        Failure   Level  Hunger
 Confuse                  Hex            ###.....     12%         3    ###....
 Tukima's Dance           Hex            ###.....     12%         3    ###....
 Animate Skeleton         Necr           N/A          19%         1    #......
 Apportation              Tloc           #.....       19%         1    #......
 Summon Small Mammal      Summ           #...         19%         1    #......


Dungeon Overview and Level Annotations

Branches:
Dungeon (3/15)

Altars:
Kikubaaqudgha
Qazlal


Innate Abilities, Weirdness & Mutations

You cannot wear most types of armour.
You are very stealthy in the water. (Stealth+)
You are amphibious.
You can wear up to eight rings at the same time.
You can use your tentacles to constrict eight enemies at once.
Your skin changes colour to match your surroundings (Stealth+).
Your rubbery body absorbs attacks. (AC +1, EV +1)


Message History

A kobold comes into view.
There is a stone staircase leading up here.
The bat hits you but does no damage. The bat barely misses you.
The orc misses you.
You climb upwards.
There is a stone staircase leading down here.
You hit the orc but do no damage. You grab the orc.
The orc is lightly wounded.
You constrict the orc.
The orc hits you with a +0 falchion of flaming!
* * * LOW HITPOINT WARNING * * *
The orc burns you.
* * * LOW HITPOINT WARNING * * *
The orc misses you.
You hit the orc. You grab the orc.
The orc is heavily wounded.
You constrict the orc, but do no damage.
You constrict the orc.
The orc hits you with a +0 falchion of flaming.
You die...

###### #....#
#....########
######...........########
[.............<.@o......#
######.........o.######.#
####........# #.# ###
#........# #># #<#
#########.###'##.# #.#
#.# #.........# #.##.###
#.# #.# #.##...####
#......# #.# #.#
...'...'..######.#.# #.#
#.# #.##...##..#
#.#.####.# #.#


You could see 2 orcs.

Vanquished Creatures
  A gnoll (D:1)
  2 adders (D:2)
  2 oozes
  2 worms (D:2)
  2 leopard geckos
  2 orcs (D:3)
  3 bats
  3 giant cockroaches
  7 goblins
  7 hobgoblins
  3 kobolds
  A frilled lizard (D:1)
  3 rats (D:2)
38 creatures vanquished.

Notes
Turn   | Place    | Note
-------+----------+-------------------------------------------
     0 | D:1      | Hugehornet the Octopode Enchanter began the quest for the
                  | Orb.
     0 | D:1      | Reached XP level 1. HP: 11/11 MP: 3/3
    69 | D:1      | Reached XP level 2. HP: 17/17 MP: 5/5
    79 | D:1      | Reached skill level 5 in Stealth
   308 | D:1      | Reached XP level 3. HP: 12/21 MP: 6/6
  1146 | D:2      | Found an ancient bone altar of Kikubaaqudgha.
  1227 | D:2      | Reached XP level 4. HP: 21/27 MP: 7/7
  1235 | D:2      | Reached skill level 6 in Stealth
  1734 | D:2      | Found a stormy altar of Qazlal.
  1859 | D:2      | Learned a level 2 spell: Ensorcelled Hibernation
  1861 | D:2      | Learned a level 1 spell: Confusing Touch
  1865 | D:2      | Learned a level 3 spell: Dazzling Spray
  1938 | D:2      | Slain by an orc

Levels and vault maps discovered:
D:1:      dpeg_arrival_round_a, layout_basic
D:2:      layout_basic, nicolae_qazlal_eye_of_the_storm,
          nicolae_overflow_hidden_temple, minmay_crystal_room
D:3:      layout_rooms, lemuel_coloured_pillars_altar,
          chequers_ecumenical_altar_simple, nicolae_ru_awakened_eye

Skill      XL: |  1  2  3  4 |
---------------+-------------+-----
Stealth        | 5 6 |  6.4
Short Blades   | |  1.0
Dodging        | |  2.0
Spellcasting   | |  2.0
Hexes          | |  3.8

Action                   |  1- 3 |  4- 6 || total
-------------------------+-------+-------++-------
Melee: Dagger            |    16 |       ||    16
       Tentacles         |    11 |     3 ||    14
       Constrict         |    14 |     9 ||    23
       Short sword       |    48 |    40 ||    88
  Use: Scroll            |     2 |       ||     2
 Stab: Sleeping          |    11 |     4 ||    15
  Eat: Chunk             |       |     2 ||     2
Armor: Skin              |     6 |     6 ||    12
Dodge: Dodged            |    36 |    24 ||    60
